 Dungeon Crawl Stone Soup version 0.27-a0-1448-g9c78c815f3 (webtiles) character file.

Game seed: 17278694604097390606

176690 miberto the Tortoise (level 17, -3/163 HPs)
             Began as a Minotaur Berserker on July 5, 2021.
             Was the Champion of Trog.
             Killed from afar by Ilsuiw (44 damage)
             ... with a shard of ice
             ... on level 2 of the Shoals.
             The game lasted 02:17:26 (71664 turns).

miberto the Tortoise (Minotaur Berserker)          Turns: 71664, Time: 02:17:26

Health: -3/163     AC: 34    Str: 26    XL:     17   Next: 51%
Magic:  16/16      EV: 13    Int:  8    God:    Trog [******]
Gold:   3231       SH: 12    Dex: 13    Spells: 16/16 levels left

rFire    + . .     SeeInvis .   M - +4 broad axe
rCold    + . .     Faith    .   I - -1 kite shield of the Orb {Will++ Int+4 Slay+5}
rNeg     . . .     Spirit   .   b - +4 plate armour {rPois}
rPois    +         Reflect  .   (helmet restricted)
rElec    .         Harm     .   z - scarf {rC+ rF+}
rCorr    .         Rampage  .   o - +2 pair of gloves {Stlth+}
Will     +++..                  Z - +2 pair of boots
Stlth    ..........             U - amulet of regeneration
HPRegen  1.37/turn              l - +4 ring of protection
MPRegen  0.15/turn              B - ring of poison resistance

@: engulfed (cannot breathe), studying Armour
A: horns 2, retaliatory headbutt
a: Renounce Religion, Berserk, Trog's Hand, Brothers in Arms


You were on level 2 of the Shoals.
You worshipped Trog.
Trog was exalted by your worship.
You visited 5 branches of the dungeon, and saw 28 of its levels.
You also visited: Sewer, Ossuary, Bailey and Ice Cave.

You collected 3598 gold pieces.
You spent 367 gold pieces at shops.

Inventory:

Hand Weapons
 M - a +4 broad axe (weapon)
 V - a +4 antimagic battleaxe
Missiles
 g - 7 atropa-tipped darts (quivered)
 A - 32 javelins
 H - 8 curare-tipped darts
Armour
 b - a +4 plate armour of poison resistance (worn)
 o - a +2 pair of gloves of stealth (worn)
 z - a scarf of resistance (worn)
 I - the -1 kite shield of the Orb (worn) {Will++ Int+4 Slay+5}
   (You took it off Asterion on level 1 of the Spider Nest)

   Int:       It affects your intelligence (+4).
   Slay:      It affects your accuracy & damage with ranged weapons and melee
   (+5).
   Will:      It greatly increases your willpower.
 X - the +1 pair of boots of Yffywi Wufegh {Rampage rF++ Int+3}
   (You found it on level 1 of the Shoals)

   Int:       It affects your intelligence (+3).
   rF:        It greatly protects you from fire.
   Rampage:   It bestows one free step when moving towards enemies.
 Z - a +2 pair of boots (worn)
Jewellery
 c - a ring of see invisible
 l - a +4 ring of protection (left hand)
 u - a ring of protection from fire
 B - a ring of poison resistance (right hand)
 G - the macabre finger necklace {rN+}
   (You found it on level 5 of the Lair of Beasts)

   [amulet of nothing]

   It enables you to equip an extra ring.
   rN:        It protects you from negative energy.
 U - an amulet of regeneration (around neck)
 W - a +4 ring of protection
 Y - a ring of protection from cold
Wands
 a - a wand of charming (18)
 f - a wand of iceblast (14)
 p - a wand of mindburst (20)
 s - a wand of paralysis (43)
 w - a wand of flame (70)
 C - a wand of polymorph (9)
 K - a wand of acid (13)
 O - a wand of digging (9)
Scrolls
 d - a scroll of blinking
 j - 6 scrolls of identify
 q - 8 scrolls of enchant armour
 r - 4 scrolls of magic mapping
 x - 11 scrolls of teleportation
 y - 7 scrolls of enchant weapon
 E - 2 scrolls of fear
 J - a scroll of summoning
 N - 2 scrolls of holy word
 P - 4 scrolls of fog
 Q - 2 scrolls of silence
Potions
 e - 11 potions of curing
 h - 2 potions of resistance
 i - 2 potions of cancellation
 m - 7 potions of lignification
 n - 4 potions of attraction
 t - 2 potions of flight
 v - 4 potions of haste
 D - 2 potions of invisibility
 F - a potion of magic
 L - 2 potions of might
 R - a potion of berserk rage
Miscellaneous
 S - a lightning rod (4/4)
 T - a box of beasts


   Skills:
 + Level 18.0 Fighting
 - Level 18.0 Axes
 + Level 19.0 Armour
 + Level 15.5 Dodging
 * Level 11.3 Shields
 - Level 7.1 Evocations


You had 16 spell levels left.
You didn't know any spells.
Your spell library was empty.

Dungeon Overview and Level Annotations

Branches:
Dungeon (15/15)            Temple (0/1) D:5            Lair (6/6) D:10
 Shoals (2/4) Lair:2       Spider (3/4) Lair:4        Slime (0/5) Lair:5
    Orc (2/2) D:10            Elf (0/3) Orc:2        Vaults (0/5) D:13
 Depths (0/5) D:15          Sewer (visited)         Ossuary (visited)
 Bailey (visited)           IceCv (visited)

Altars:
Elyvilon
Gozag
Hepliaklqana
Makhleb
Qazlal
Vehumet
Beogh
Jiyva

Shops:
D:1 [   D:2 (   D:6 [   D:7 (   D:10 (   Orc:1 (   Orc:2 (=[*

Annotations:
D:8 3 runed translucent doors, Dwad's ghost, novice TeBe
D:14 exclusion: ice statue
Lair:6 exclusion: obsidian statue
Shoals:2 Ilsuiw; Polyphemus


Innate Abilities, Weirdness & Mutations

You have a pair of horns on your head.
You reflexively headbutt those who attack you in melee.


Message History

Something hits you but does no damage.
You slash the water elemental! You headbutt the water elemental!
The water elemental is heavily damaged.
You slash the water elemental!
The water elemental is almost destroyed.
The water elemental misses you.
You slash the water elemental!
You destroy the water elemental!
You block something's attack. Something hits you.
* * * LOW HITPOINT WARNING * * *
The water elemental misses you. The water elemental misses you.
You closely miss the water elemental. You hit the water elemental.
The water elemental hits you.
* * * LOW HITPOINT WARNING * * *
The water elemental engulfs you in water!
You slash the water elemental!
The water elemental is lightly damaged.
You hit the water elemental.
* * * LOW HITPOINT WARNING * * *
Your lungs strain for air!
The water elemental misses you. You block the water elemental's attack.
You hit the water elemental.
The water elemental is moderately damaged.
You barely miss the water elemental.
* * * LOW HITPOINT WARNING * * *
Your lungs strain for air!
You block the water elemental's attack.
You hear some strange, mumbled words.
You cannot read scrolls while unable to breathe!
You slice the water elemental!! You headbutt the water elemental!
You destroy the water elemental!
You closely miss the water elemental.
* * * LOW HITPOINT WARNING * * *
Your lungs strain for air!
The water elemental disappears in a puff of smoke! x2
A shard of ice appears from out of thin air!
The shard of ice hits you!!! You partially resist.
You die...

≈≈≈≈≈≈≈≈≈≈≈≈≈≈≈≈≈≈≈≈
≈≈≈≈≈≈≈≈≈≈≈≈≈≈≈≈≈≈≈≈
≈≈≈≈≈≈≈≈≈≈≈≈)≈≈≈≈≈≈≈
≈≈≈≈≈≈≈≈...≈≈)≈≈≈≈≈≈
≈≈≈≈≈≈≈.###E≈≈≈≈≈≈≈≈ ≈≈≈≈≈≈≈.#
#.≈≈≈≈≈≈≈≈≈≈≈≈≈≈ ≈≈≈≈≈≈≈.#
#.>≈≈≈≈≈≈≈≈≈≈≈≈≈
≈≈≈≈≈≈≈.###.†≈≈≈≈≈≈≈≈≈≈≈≈≈
≈≈≈≈≈≈≈≈≈≈≈≈≈≈≈.@..≈≈≈≈≈≈≈≈≈≈≈≈ ≈
≈≈≈≈≈≈≈≈≈≈≈≈≈≈≈≈≈§†≈≈≈≈≈≈≈≈... ≈
≈≈≈≈≈≈≈≈≈≈≈≈≈≈≈≈≈E{§≈≈≈≈≈≈≈.# .
≈≈≈≈≈≈≈≈≈≈≈≈≈≈≈≈≈≈≈≈≈≈≈≈≈≈.# .
≈≈≈≈≈≈≈≈≈≈≈≈≈≈≈≈E≈≈E≈≈≈≈≈†.## ##.
≈≈≈≈≈≈≈≈≈≈≈≈≈≈≈≈≈≈≈≈≈≈≈≈≈≈..###..
≈≈≈≈...≈≈≈≈≈≈≈≈≈≈≈≈≈≈....≈≈...?..
≈≈≈≈....≈≈≈≈≈≈≈≈≈≈≈≈≈≈...≈.≈≈≈...
≈≈...#...≈≈≈≈≈≈≈≈≈≈≈≈..#...≈≈≈...


You could see 3 water elementals.

Vanquished Creatures
  Rupert (D:12)
  Asterion (Spider:1)
  A kraken (Shoals:1)
  Aizul (Lair:4)
  An orc warlord (Orc:2)
  A ghost moth (Spider:3)
  2 emperor scorpions
  Nessos (Orc:2)
  5 entropy weavers
  5 dire elephants (Lair:6)
  A spark wasp (Spider:2)
  A white draconian (IceCv)
  The ghost of Conn the Arsonist, a journeyman OpFE of Sif Muna (Lair:3)
  Josephine (Lair:6)
  Snorg (Orc:2)
  Fannar (D:11)
  3 boulder beetles
  4 hydras
  Harold (D:11)
  An ogre mage (D:13)
  A death knight (D:14)
  6 centaur warriors
  2 merfolk avatars (Shoals:1)
  A catoblepas (D:13)
  A merfolk aquamancer (Shoals:2)
  4 death yaks
  Erica (D:10)
  A two-headed ogre (shapeshifter) (D:14)
  Urug (D:10)
  9 two-headed ogres
  3 orc high priests (Orc:2)
  A tengu warrior (D:15)
  A spectral dire elephant (Lair:6)
  A deep elf knight (D:13)
  Sonja (Orc:2)
  A fire crab (Shoals:1)
  5 sea snakes
  A skeletal warrior (D:14)
  A death drake (shapeshifter) (D:14)
  A spectral anaconda (Lair:6)
  A phantasmal warrior (D:14)
  The ghost of hansi the Digger, a novice GrVM of Dithmenos (D:7)
  5 necromancers
  3 wizards (D:15)
  23 wolf spiders
  5 orc knights
  9 ugly things
  2 deep elf zephyrmancers (D:13)
  4 orc sorcerers (Orc:2)
  5 fauns
  4 cyclopes
  12 orb spiders
  3 moths of wrath
  4 manticores
  7 elephants
  Maurice (D:11)
  4 black mambas
  2 naga magi (D:15)
  8 merfolk sirens
  A dire elephant zombie (Lair:6)
  4 water nymphs
  2 gargoyles (D:12)
  18 cane toads
  5 yaktaurs (D:13)
  An unseen horror (shapeshifter) (D:14)
  5 komodo dragons
  Psyche (D:8)
  7 demonic crawlers
  A troll (Orc:1)
  Grinder (D:3)
  27 jumping spiders
  4 hornets
  9 merfolk
  20 polar bears
  2 wind drakes
  A wolf spider simulacrum (D:15)
  2 spectral elephants (Lair:6)
  6 slime creatures (D:15)
  17 blink frogs
  2 snapping turtles (Shoals:2)
  66 redbacks
  A centaur simulacrum (D:15)
  3 shadows (D:10)
  3 wyverns
  85 yaks
  A vampire (D:11)
  26 tarantellas
  8 wraiths
  7 fire bats
  3 water elementals (Shoals:2)
  Grum (D:8)
  3 basilisks
  4 steam dragons
  2 death yak simulacra (Lair:6)
  2 spectral cane toads (Lair:6)
  14 vampire mosquitoes
  19 water moccasins
  3 wargs
  A two-headed ogre zombie (D:10)
  2 acid dragons
  9 ice beasts
  Purgy (Sewer)
  30 orc warriors
  2 sky beasts
  3 black bears
  5 elephant zombies (Lair:6)
  2 necrophages
  7 ogres
  37 wolves
  4 elephant skeletons (Lair:6)
  12 centaurs
  3 phantoms (D:5)
  2 kobold brigands
  14 bullfrogs
  A gnoll sergeant (D:9)
  5 scorpions
  3 cane toad simulacra (Lair:6)
  A wyvern skeleton (D:7)
  A hornet simulacrum (D:15)
  2 elephant simulacra (Lair:6)
  6 killer bees (D:9)
  5 wights (D:9)
  A howler monkey (D:7)
  An electric eel (Spider:1)
  A bullfrog zombie (D:7)
  4 centaur zombies
  A hound (D:4)
  3 jellies
  2 human zombies (Ossuary)
  17 orc priests
  Crazy Yiuf (D:5)
  A bullfrog skeleton (D:5)
  2 gnoll shamans
  3 centaur skeletons
  Natasha (twice) (D:2)
  3 iguanas
  28 orc wizards
  A killer bee zombie (D:8)
  7 ogre zombies (D:10)
  2 hound zombies (Ossuary)
  A hound skeleton (D:4)
  2 howler monkey zombies
  4 mummies (Ossuary)
  21 gnolls
  10 adders
  A river rat (D:3)
  2 shadow imps
  2 white imps
  An ufetubus (D:4)
  An adder zombie (Ossuary)
  4 worms
  3 dart slugs
  47 orcs
  6 bats
  9 endoplasms
  A giant cockroach (D:2)
  3 gnoll zombies (Ossuary)
  8 goblins
  6 hobgoblins
  8 jackals
  23 kobolds
  A quokka (D:2)
  10 ball pythons
  A frilled lizard (D:3)
  2 goblin zombies (D:10)
  4 hobgoblin skeletons (D:10)
  4 hobgoblin zombies (D:10)
  2 jackal skeletons
  2 orc skeletons (D:10)
  14 orc zombies
  3 rats
  3 rat zombies (Ossuary)
  4 tentacles (Shoals:1)
1018 creatures vanquished.

Vanquished Creatures (others)
  A water nymph (Shoals:2)
  A demonic crawler (Spider:1)
  A redback (Spider:3)
  An orc wizard (D:7)
  An orc (D:7)
  A fire vortex (Orc:2)
  92 fungi
  127 plants
  11 tentacles (Shoals:1)
  24 withered plants
260 creatures vanquished.

Grand Total: 1278 creatures vanquished

Notes
Turn   | Place    | Note
-------+----------+-------------------------------------------
     0 | D:1      | miberto the Minotaur Berserker began the quest for the Orb.
     0 | D:1      | Reached XP level 1. HP: 19/19 MP: 0/0
  1224 | D:1      | Found Naxaval's Armour Shoppe.
  1819 | D:1      | Reached XP level 2. HP: 27/27 MP: 1/1
  2708 | D:2      | Reached XP level 3. HP: 22/33 MP: 2/2
  3075 | D:2      | Reached skill level 3 in Armour
  3470 | D:2      | Found an opulent altar of Gozag.
  3804 | D:2      | Noticed Natasha
  3817 | D:2      | Killed Natasha
  3818 | D:2      | Reached XP level 4. HP: 40/40 MP: 3/3
  4337 | D:2      | Noticed Natasha
  4339 | D:2      | Found Orazaydd's Antique Weapon Emporium.
  4344 | D:2      | Killed Natasha
  4345 | D:2      | Reached skill level 5 in Axes
  4536 | D:2      | Found a faded altar of an unknown god.
  4954 | D:3      | Reached XP level 5. HP: 40/47 MP: 4/4
  4983 | D:3      | Found a glowing drain.
  5168 | D:3      | Noticed Grinder
  5192 | D:3      | Reached ** piety under Trog
  5237 | D:3      | Killed Grinder
  5238 | D:3      | Reached skill level 5 in Fighting
  5238 | D:3      | Reached skill level 4 in Armour
  5238 | D:3      | Reached XP level 6. HP: 56/56 MP: 5/5
  7197 | D:4      | Reached XP level 7. HP: 61/61 MP: 6/6
  8268 | D:4      | Identified the +5 scale mail of Viny Tender Moments {Int+4}
  8436 | D:4      | Reached skill level 5 in Armour
  8436 | D:4      | Reached skill level 1 in Evocations
  9313 | D:5      | Entered Level 5 of the Dungeon
  9414 | D:5      | Reached XP level 8. HP: 66/70 MP: 7/7
  9452 | D:5      | Reached skill level 5 in Dodging
  9461 | D:5      | Reached *** piety under Trog
  9713 | D:5      | Found a hazy altar of Hepliaklqana.
 10068 | D:5      | Found a staircase to the Ecumenical Temple.
 11519 | D:5      | Reached skill level 6 in Armour
 11942 | D:5      | Found a runed translucent door.
 11943 | D:5      | Noticed Crazy Yiuf
 11950 | D:5      | Killed Crazy Yiuf
 12558 | D:6      | Found a sand-covered staircase.
 12569 | Ossuary  | Entered an ossuary
 12676 | Ossuary  | Reached **** piety under Trog
 12677 | Ossuary  | Reached XP level 9. HP: 79/79 MP: 8/8
 12821 | D:6      | Found a glowing drain.
 12830 | Sewer    | Entered a sewer
 12956 | Sewer    | Noticed Purgy
 12966 | Sewer    | Killed Purgy
 13250 | D:6      | Found Uzith's Armour Shoppe.
 14906 | D:7      | Reached skill level 10 in Axes
 15143 | D:7      | Reached skill level 7 in Armour
 16301 | D:7      | Found Motilogerph's Antique Weapon Shop.
 16404 | D:7      | Bought an ebony war axe for 255 gold pieces
 16404 | D:7      | Identified the +7 war axe of Frustration {vorpal, Dex+3}
                  | (You bought it in a shop on level 7 of the Dungeon)
 16747 | D:7      | Found a runed translucent door.
 16754 | D:7      | Noticed hansi's ghost (novice GrVM)
 16861 | D:7      | Killed hansi's ghost
 16862 | D:7      | Reached XP level 10. HP: 81/90 MP: 9/9
 18514 | D:8      | Noticed a two-headed ogre
 18527 | D:8      | Killed a two-headed ogre
 18558 | D:8      | Reached skill level 8 in Armour
 18566 | D:8      | Noticed Psyche
 18599 | D:8      | Killed Psyche
 19227 | D:8      | Noticed Grum
 19229 | D:8      | Reached skill level 5 in Evocations
 19231 | D:8      | Killed Grum
 19308 | D:8      | Noticed a red ugly thing
 19313 | D:8      | Killed a red ugly thing
 19828 | D:8      | Found a runed translucent gate.
 19828 | D:8      | Found a runed translucent gate.
 19828 | D:8      | Found a runed translucent gate.
 19828 | D:8      | Noticed a red ugly thing
 19830 | D:8      | Noticed a red ugly thing
 19831 | D:8      | Noticed a cyan ugly thing
 19832 | D:8      | Noticed a red ugly thing
 19845 | D:8      | Killed a red ugly thing
 19846 | D:8      | Killed a green ugly thing
 19849 | D:8      | Killed a red ugly thing
 19850 | D:8      | Reached XP level 11. HP: 97/97 MP: 10/10
 19850 | D:8      | Killed a cyan ugly thing
 19852 | D:8      | Found a runed translucent gate.
 19852 | D:8      | Found a runed translucent gate.
 19854 | D:8      | Noticed Dwad's ghost (novice TeBe)
 19855 | D:8      | Found a runed translucent gate.
 20089 | D:8      | Reached skill level 9 in Armour
 21354 | D:9      | Noticed a two-headed ogre
 21360 | D:9      | Killed a two-headed ogre
 22423 | D:9      | Noticed a two-headed ogre
 22428 | D:9      | Killed a two-headed ogre
 22429 | D:9      | Reached skill level 10 in Fighting
 23319 | D:9      | Noticed a two-headed ogre
 23329 | D:9      | Killed a two-headed ogre
 23968 | D:10     | Entered Level 10 of the Dungeon
 24206 | D:10     | Noticed Erica
 24479 | D:10     | Killed Erica
 24591 | D:10     | Found a staircase to the Lair.
 24611 | D:10     | Found a staircase to the Orcish Mines.
 24613 | D:10     | Reached ***** piety under Trog
 24852 | D:10     | Noticed Urug
 24865 | D:10     | Killed Urug
 24866 | D:10     | Reached skill level 10 in Armour
 24866 | D:10     | Reached XP level 12. HP: 107/107 MP: 11/11
 25010 | D:10     | Found a radiant altar of Vehumet.
 26005 | D:10     | Noticed a two-headed ogre
 26012 | D:10     | Killed a two-headed ogre
 26510 | D:10     | Found Tuagerph's Antique Weapon Shoppe.
 27412 | Lair:1   | Entered Level 1 of the Lair of Beasts
 29426 | Lair:2   | You fall into a shaft and drop 2 floors!
 29462 | Lair:3   | Received a gift from Trog
 29931 | Lair:3   | Reached skill level 10 in Dodging
 29944 | Lair:2   | Noticed a seven-headed hydra
 29994 | Lair:2   | Killed a nine-headed hydra
 30035 | Lair:2   | Found a staircase to the Shoals.
 30446 | Lair:2   | Reached skill level 11 in Armour
 30454 | Lair:2   | Reached skill level 15 in Axes
 32794 | Lair:3   | Found a runed translucent gate.
 32794 | Lair:3   | Found a runed translucent gate.
 32895 | Lair:3   | Found a runed translucent gate.
 32896 | Lair:3   | Noticed Conn's ghost (journeyman OpFE)
 33908 | Lair:3   | Killed Conn's ghost
 33909 | Lair:3   | Reached XP level 13. HP: 117/117 MP: 12/12
 35528 | Lair:4   | Identified the +11 triple sword of the Absolute Madman
                  | {vorpal, Str+3} (Trog gifted it to you on level 4 of the
                  | Lair of Beasts)
 35528 | Lair:4   | Received a gift from Trog
 35818 | Lair:4   | Found a hole to the Spider Nest.
 35893 | Lair:4   | Identified the +1 leather armour of the Valley of Death
                  | {Dex+3}
 37802 | Lair:5   | Found the macabre finger necklace {rN+}
 39320 | Lair:5   | Found a staircase to the Slime Pits.
 39421 | Lair:5   | Found a viscous altar of Jiyva.
 39652 | Lair:6   | Entered Level 6 of the Lair of Beasts
 39652 | Lair:6   | Noticed Josephine
 39665 | Lair:6   | Killed Josephine
 39669 | Lair:6   | Reached skill level 12 in Armour
 41002 | Lair:6   | Identified a scroll of acquirement
 41607 | Lair:6   | Noticed a dire elephant
 41607 | Lair:6   | Noticed a dire elephant
 41613 | Lair:6   | Noticed a dire elephant
 41613 | Lair:6   | Noticed a dire elephant
 41835 | Lair:6   | Reached XP level 14. HP: 107/127 MP: 13/13
 42271 | Lair:6   | Received a gift from Trog
 43438 | D:11     | Found a frozen archway.
 43452 | IceCv    | Entered an ice cave
 43473 | IceCv    | Reached skill level 13 in Armour
 43919 | IceCv    | Identified the ring of Miracles {Ice rElec rCorr Dex+7
                  | Slay-5}
 45033 | D:11     | Noticed Fannar
 45059 | D:11     | Killed Fannar
 45735 | D:11     | Acquired a manual of Armour
 46049 | D:11     | Noticed Maurice
 46064 | D:11     | Killed Maurice
 46204 | D:11     | Noticed Harold
 46210 | D:11     | Killed Harold
 46998 | D:12     | Noticed Rupert
 47015 | D:12     | Killed Rupert
 47665 | D:12     | Reached skill level 14 in Armour
 48081 | D:12     | Reached XP level 15. HP: 114/138 MP: 4/14
 48567 | D:12     | Found a stormy altar of Qazlal.
 49553 | D:13     | Found a white marble altar of Elyvilon.
 51494 | D:13     | Reached skill level 15 in Fighting
 52266 | D:13     | Found a gate to the Vaults.
 53148 | Orc:1    | Entered Level 1 of the Orcish Mines
 53671 | Orc:1    | Found Foler's Antique Weapon Shop.
 53946 | Orc:1    | Found a burning altar of Makhleb.
 54921 | Orc:2    | Entered Level 2 of the Orcish Mines
 55095 | Orc:2    | Noticed Sonja
 55110 | Orc:2    | Killed Sonja
 55110 | Orc:2    | Received a gift from Trog
 55549 | Orc:2    | Reached skill level 15 in Armour
 56401 | Orc:2    | Noticed an orc warlord
 56839 | Orc:2    | Noticed Snorg
 56854 | Orc:2    | Killed Snorg
 57486 | Orc:2    | Killed an orc warlord
 57690 | Orc:2    | Found a staircase to the Elven Halls.
 57950 | Orc:2    | Found Unlatief's Antique Armour Shop.
 57951 | Orc:2    | Found Tesin's Antique Weapon Boutique.
 57952 | Orc:2    | Found Lyfoc's General Store.
 57952 | Orc:2    | Found Udoum's Jewellery Shop.
 57954 | Orc:2    | Noticed Nessos
 57962 | Orc:2    | Killed Nessos
 58487 | Orc:2    | Bought a scroll of teleportation for 42 gold pieces
 58487 | Orc:2    | Bought a scroll of teleportation for 42 gold pieces
 58487 | Orc:2    | Bought a scroll of fog for 28 gold pieces
 60513 | D:14     | Found a flagged portal.
 60541 | Bailey   | Entered a bailey
 60608 | Bailey   | Found a bloodstained altar of Trog.
 60838 | D:14     | Reached skill level 16 in Armour
 62377 | D:15     | Entered Level 15 of the Dungeon
 62407 | D:15     | Received a gift from Trog
 62446 | D:15     | Found an opulent altar of Gozag.
 63144 | D:15     | Reached skill level 1 in Shields
 63169 | D:15     | Reached XP level 16. HP: 152/152 MP: 15/15
 64230 | D:15     | Found a staircase to the Depths.
 64956 | Spider:1 | Entered Level 1 of the Spider Nest
 65114 | Spider:1 | Noticed Aizul
 65241 | Lair:4   | Killed Aizul
 65371 | Spider:1 | Identified the +9 executioner's axe of Massacring {vorpal,
                  | rF+ Will- SInv} (Trog gifted it to you on level 1 of the
                  | Spider Nest)
 65371 | Spider:1 | Received a gift from Trog
 65384 | Spider:1 | Reached skill level 5 in Shields
 65392 | Spider:1 | Reached skill level 17 in Armour
 66273 | Spider:1 | Identified the -1 kite shield of the Orb {Will++ Int+4
                  | Slay+5}
 66273 | Spider:1 | Noticed Asterion
 66290 | Spider:1 | Killed Asterion
 67866 | Spider:2 | Received a gift from Trog
 68029 | Spider:2 | Reached ****** piety under Trog
 68278 | Spider:2 | Reached skill level 18 in Armour
 68561 | Spider:3 | Reached skill level 15 in Dodging
 68790 | Spider:3 | Reached XP level 17. HP: 144/162 MP: 16/16
 69951 | Spider:3 | Reached skill level 10 in Shields
 70390 | Shoals:1 | Entered Level 1 of the Shoals
 70470 | Shoals:1 | Noticed a kraken
 70489 | Shoals:1 | Received a gift from Trog
 70549 | Shoals:1 | Identified the +1 pair of boots of Yffywi Wufegh {Rampage
                  | rF++ Int+3}
 70597 | Shoals:1 | Killed a kraken
 71439 | Shoals:2 | Noticed Ilsuiw
 71469 | Shoals:2 | Noticed Polyphemus
 71613 | Shoals:2 | Reached skill level 19 in Armour
 71664 | Shoals:2 | Killed from afar by Ilsuiw

Illustrated notes

Levels and vault maps discovered:
D:1:      nzn_arrival_depleted_hourglass, layout_rooms, serial_shops,
          nicolae_shop_temple_entry_statues_fountains, kennysheep_flooded_box
D:2:      layout_rooms, shapermc_ecumenical_altar_mp_urbaneastern, basic_altar,
          serial_shops, shop, st_stairs_3, nrook_mini_backslash, uniq_natasha
D:3:      layout_loops_cross, portal_sewer_entry_a, uniq_grinder
D:4:      layout_cave_pools, kennysheep_generic_room_5
D:5:      layout_rooms, minmay_temple_entry_tees, hangedman_decor_lopped,
          minmay_ruined_shrine, uniq_crazy_yiuf_cottage
D:6:      cheibrodos_thug_alley, layout_basic, portal_sewer_entry_d,
          serial_shops, nicolae_shop_behind_doors, enter_ossuary_5
D:7:      layout_gridville, gammafunk_ghost_grave, serial_shops,
          kennysheep_mini, minmay_quadrilaterals
D:8:      layout_loops_cross, ploomutoo_gammafunk_ghost_potion_laboratory,
          uniq_psyche, uniq_grum
D:9:      layout_loops_ring, chequers_serial_rivers_large_a,
          nicolae_zen_rock_garden, grunt_ministairs_14, st_stairs_7,
          minmay_misc_feat_nine_boxes, minmay_misc_feat_chi
D:10:     layout_cave_pools, lemuel_crystal_altar, due_lair_maze_entry_diamond,
          zombieorc2_lemuel, serial_shops, nicolae_inconvenience_store,
          uniq_urug, uniq_erica
D:11:     layout_long_grid, portal_ice_cave_entry_pillars_1, hex_medium,
          uniq_harold, uniq_maurice, uniq_fannar
D:12:     layout_long_grid, grunt_qazlal_sundering, uniq_rupert
D:13:     layout_irregular_city, hangedman_vaults_entry_quadrant_bands,
          elyvilon_altar_5
D:14:     layout_gridville, minmay_misc_feat_alley, enter_bailey_3,
          minmay_misc_feat_room, ice2_lemuel
D:15:     grunt_enter_depths_magical_seal, layout_stronghold,
          grunt_gozag_statues
Lair:1:   layout_cellular_growth, beast_lair_carwin_7, grunt_megastairs_5
Lair:2:   layout_regular_city, elwin_shoals_entry_rocks
Lair:3:   layout_regular_city, ebering_ghost_rock_garden, lemuel_fruit_fields
Lair:4:   layout_gridlike, spider_nest_entry_funnel_web, grunt_megastairs_4
Lair:5:   layout_regular_city, slime_altar_1, serial_forest,
          infiniplex_forest_clump_diagonal, infiniplex_forest_clump_double,
          infiniplex_forest_corner_1, infiniplex_forest_clump_long
Lair:6:   due_jungle_book, layout_concentric_octagons, uniq_josephine
Shoals:1: layout_shoals, hangedman_shoal_volcano
Shoals:2: layout_shoals, uniq_polyphemus, uniq_ilsuiw
Spider:1: layout_spider_delve, nicolae_spider_wall_of_niches, uniq_aizul,
          uniq_asterion
Spider:2: nicolae_spider_hilbert_zone_5 [nicolae_spider_hilbert_3_sides_1_open,
          nicolae_spider_hilbert_4_sides_1_open,
          nicolae_spider_hilbert_4_sides_1_open,
          nicolae_spider_hilbert_6_sides_1_open,
          nicolae_spider_hilbert_6_sides_1_open]
Spider:3: layout_spider_delve, nicolae_spider_nooks_and_crannies,
          nicolae_spider_cling_halls
Orc:1:    layout_caves, basic_altar, serial_shops, shop_fountains
Orc:2:    st_orc_congregation, layout_caves, nicolae_orc_lava_tube,
          lemuel_statue_altar, uniq_nessos, uniq_snorg, uniq_sonja

Skill      XL: |  1  2  3  4  5  6  7  8  9 10 11 12 13 14 15 16 17 |
---------------+----------------------------------------------------+-----
Axes           | 4 5 6 7 9 10 12 13 15 16 18 | 18.0
Fighting       | 4 5 6 7 8 9 10 11 12 14 16 17 18 | 18.0
Armour         | 3 4 5 6 7 8 10 11 12 14 16 18 19 | 19.0
Dodging        | 3 4 5 7 8 9 10 11 12 14 15 | 15.5
Evocations     | 1 3 4 5 6 7 |  7.1
Shields        | 1 9 11 | 11.3

Action                   |  1- 3 |  4- 6 |  7- 9 | 10-12 | 13-15 | 16-18 || total
-------------------------+-------+-------+-------+-------+-------+-------++-------
Melee: Hand axe          |    53 |   109 |   206 |       |       |       ||   368
       Headbutt          |     9 |    23 |    75 |   121 |   281 |   203 ||   712
       War axe           |       |       |   151 |   424 |   323 |       ||   898
       Unarmed           |       |       |       |     4 |       |       ||     4
       Battleaxe         |       |       |       |       |   812 |       ||   812
       Broad axe         |       |       |       |       |    27 |   769 ||   796
Invok: Berserk           |       |     1 |     2 |     6 |    15 |     6 ||    30
       Brothers in Arms  |       |       |       |       |     1 |     2 ||     3
       Trog's Hand       |       |       |       |       |       |     2 ||     2
Evoke: Wand              |       |       |       |     7 |     6 |       ||    13
       Lightning rod     |       |       |       |       |     3 |     1 ||     4
  Use: Scroll            |       |     7 |     5 |     8 |    11 |     4 ||    35
       Potion            |       |       |       |     1 |     4 |     5 ||    10
 Stab: Sleeping          |     1 |     1 |       |       |       |       ||     2
       Invisible         |       |       |       |     1 |       |       ||     1
Armor: Animal skin       |    20 |    30 |     2 |       |       |       ||    52
       Scale mail        |       |       |   179 |   194 |   515 |       ||   888
       Chain mail        |       |       |     9 |       |       |       ||     9
       Skin              |       |       |       |     1 |       |       ||     1
       Plate armour      |       |       |       |       |   126 |   722 ||   848
Dodge: Dodged            |    37 |    67 |   203 |   292 |   858 |   505 ||  1962
Block: Kite shield       |       |       |       |       |    14 |   552 ||   566

Table legend: (Time is in decaauts)
 A = Elapsed time spent in this place.
 B = Non-inter-level travel time spent in this place.
 C = Inter-level travel time spent in this place.
 D = Time resting spent in this place.
 E = Time spent auto-exploring this place.
 F = Levels seen in this place.
 G = Mean time per level.
                   A        B        C        D        E       F      G
               +--------+--------+--------+--------+--------+-----+--------+
         Total |  71655 |  70245 |   1410 |  47363 |  11543 |  32 | 2239.2 |
       Dungeon |  40954 |  40131 |    823 |  29104 |   6436 |  15 | 2730.3 |
          Lair |  16163 |  15768 |    395 |  10629 |   3381 |   6 | 2693.8 |
        Shoals |   1270 |   1270 |      0 |    323 |     52 |   2 |  635.0 |
   Spider Nest |   5132 |   5041 |     91 |   2100 |    852 |   3 | 1710.7 |
  Orcish Mines |   7169 |   7071 |     98 |   5155 |    821 |   2 | 3584.5 |
         Sewer |    173 |    173 |      0 |      0 |      0 |   1 |  173.0 |
       Ossuary |    156 |    156 |      0 |      0 |      0 |   1 |  156.0 |
        Bailey |    140 |    140 |      0 |      0 |      0 |   1 |  140.0 |
      Ice Cave |    495 |    495 |      0 |     50 |      0 |   1 |  495.0 |
               +--------+--------+--------+--------+--------+-----+--------+

Top non-repeatable levels by time:
   Orc:2: 5352 daAuts
    D:13: 3658 daAuts
  Lair:6: 3470 daAuts
    D:10: 3401 daAuts
     D:9: 3314 daAuts
     D:7: 3277 daAuts
  Lair:5: 3101 daAuts
    D:12: 3037 daAuts
     D:5: 2976 daAuts
  Lair:4: 2809 daAuts
     D:8: 2793 daAuts
  Lair:2: 2790 daAuts
     D:4: 2739 daAuts
    D:11: 2726 daAuts
     D:1: 2548 daAuts
